 Dungeon Crawl Stone Soup version 0.28-b1-25-g9875b3fc8c (webtiles) character file.

Game seed: 10360387715869529647

95699 tilp the Fighter (level 16, -48/123 HPs)
             Began as a Djinni Fire Elementalist on Feb 4, 2022.
             Was the Champion of Makhleb.
             Annihilated by a white ugly thing (49 damage)
             ... on level 15 of the Dungeon on Feb 5, 2022.
             The game lasted 01:18:39 (37250 turns).

tilp the Fighter (Djinni Fire Elementalist)        Turns: 37250, Time: 01:18:39

Health: -48/123    AC: 19    Str:  7    XL:     16   Next: 64%
Gold:   2578       EV: 15    Int: 32    God:    Makhleb [******] SH:  9 Dex: 13

rFire   + + .      SeeInvis +   a - staff of conjuration
rCold   x . .      Faith    .   b - +0 kite shield of Resourcefulness {Regen+ Int+5 Slay-5}
rNeg    . . .      Spirit   .   S - +3 leather armour
rPois   ∞          Reflect  .   x - +2 hat {Int+3}
rElec   .          Harm     .   n - +2 cloak {Will+}
rCorr   .          Rampage  .   K - +2 pair of gloves
Will    +++..                   (boots unavailable)
Stlth   +++.......              o - amulet of the acrobat
HPRegen 1.10/turn               l - +4 ring of protection
MPRegen 0.00/turn               G - ring "Idim" {Fly rPois Will+ SInv}

@: flying
A: sickness immunity, fire resistance 2, cold vulnerability 1, float, innate
caster, HP casting, extra vitality 1, dopey 1, wild magic 1
a: Renounce Religion, Minor Destruction, Lesser Servant of Makhleb, Major
Destruction, Greater Servant of Makhleb


You were on level 15 of the Dungeon.
You worshipped Makhleb.
Makhleb was exalted by your worship.
You visited 4 branches of the dungeon, and saw 24 of its levels.
You visited the Abyss 1 time.

You collected 2968 gold pieces.
You spent 390 gold pieces at shops.

Inventory:

Hand Weapons
 X - the +7 Throatcutter {drain, coup de grace}
   (You took it off a goblin on level 3 of the Dungeon)

   A truly terrible weapon, it drains the life of any living foe it strikes.
   It may instantly kill foes which have little health.
Missiles
 y - 43 poisoned darts (quivered)
 C - 2 throwing nets
 E - 25 boomerangs
 F - 12 atropa-tipped darts
 O - 5 curare-tipped darts
Armour
 b - the +0 kite shield of Resourcefulness (worn) {Regen+ Int+5 Slay-5}
   (You acquired it on level 10 of the Dungeon)

   Int:       It affects your intelligence (+5).
   Slay:      It affects your accuracy & damage with ranged weapons and melee
   (-5).
   Regen:     It increases your rate of health regeneration.
 n - a +2 cloak of willpower (worn)
 x - a +2 hat of intelligence (worn)
 K - a +2 pair of gloves (worn)
 S - a +3 leather armour (worn)
Magical Staves
 a - a staff of conjuration (weapon)
 c - a staff of fire
Jewellery
 i - a ring of ice
 l - a +4 ring of protection (left hand)
 o - an amulet of the acrobat (around neck)
 G - the ring "Idim" (right hand) {Fly rPois Will+ SInv}
   (You found it on level 4 of the Lair of Beasts)

   [ring of see invisible]

   rPois:     It protects you from poison.
   SInv:      It lets you see invisible.
   Fly:       It grants you flight.
   Will:      It increases your willpower.
 L - the ring "Qayf" {rElec Will+ Str+4}
   (You acquired it on level 10 of the Dungeon)

   [ring of willpower]

   Str:       It affects your strength (+4).
   rElec:     It insulates you from electricity.
   Will:      It increases your willpower.
Wands
 q - a wand of digging (6)
 w - a wand of polymorph (2)
 H - a wand of flame (18)
 M - a wand of acid (1)
 R - a wand of mindburst (18)
 U - a wand of charming (11)
 Z - a wand of paralysis (1)
Scrolls
 g - 6 scrolls of fog
 k - 4 scrolls of teleportation
 p - a scroll of holy word
 r - 6 scrolls of enchant weapon
 s - 5 scrolls of fear
 t - 5 scrolls of magic mapping
 D - a scroll of blinking
 J - a scroll of acquirement
 N - 5 scrolls of enchant armour
 P - 2 scrolls of summoning
 V - 8 scrolls of identify
Potions
 d - 3 potions of haste
 e - a potion of brilliance
 f - 2 potions of cancellation
 h - 4 potions of mutation
 j - 2 potions of berserk rage
 v - 3 potions of attraction
 z - a potion of lignification
 A - 3 potions of might
 B - 2 potions of heal wounds
 T - a potion of curing
 Y - a potion of resistance
Miscellaneous
 m - a phantom mirror
 I - a condenser vane
 W - a box of beasts


   Skills:
 + Level 14.1 Fighting
 - Level 8.0 Armour
 - Level 12.0 Dodging
 - Level 8.0 Stealth
 - Level 6.0 Shields
 - Level 12.0 Spellcasting
 - Level 8.0 Invocations
 - Level 8.0 Evocations


You had one spell level left.
You knew the following spells:

 Your Spells              Type           Power      Damage    Failure   Level
a - Foxfire               Conj/Fire      100%       2x1d9     1%          1
b - Scorch                Fire           100%       2d10      1%          2
c - Conjure Flame         Conj/Fire      100%       6-21      1%          3
d - Inner Flame           Hex/Fire       90%        N/A       1%          3
e - Flame Wave            Conj/Fire      100%       2d17      1%          4
f - Stone Arrow           Conj/Erth      100%       3d13      1%          3
g - Mephitic Cloud        Conj/Pois/Air  100%       N/A       1%          3
h - Call Imp              Summ           90%        N/A       1%          2
i - Pain                  Necr           100%       1d9       1%          1
j - Metabolic Englaciati  Hex/Ice        45%        N/A       3%          5
k - Yara's Violent Unrav  Hex/Tmut       45%        3d18      3%          5
l - Conjure Ball Lightni  Conj/Air       56%        3x3d20    16%         6
Your spell library was empty.

Dungeon Overview and Level Annotations

Branches:
Dungeon (15/15)            Temple (1/1) D:6            Lair (6/6) D:9
 Shoals (0/4) Lair:4        Snake (0/4) Lair:4        Slime (0/5) Lair:5
    Orc (2/2) D:10            Elf (0/3) Orc:2        Vaults (0/5) D:14
 Depths (0/4) D:15

Altars:
Ashenzari
Cheibriados
Dithmenos
Elyvilon
Fedhas
Gozag
Hepliaklqana
Kikubaaqudgha
Makhleb
Nemelex Xobeh
Okawaru
Qazlal
Ru
Sif Muna
Trog
Uskayaw
Vehumet
Wu Jian
Xom
Yredelemnul
Zin
The Shining One
Beogh
Jiyva
Lugonu

Shops:
D:9 [   D:14 :   Orc:1 *   Orc:2 =***(

Annotations:
D:13 2 transporters, Garym's ghost, journeyman MiBe
D:15 3 runed translucent doors, MuffinSoup's ghost, journeyman OpWz
Lair:1 exclusion: 2 oklob plants
Orc:2 3 runed translucent doors, barkas's ghost, journeyman CeMo


Innate Abilities, Weirdness & Mutations

You are immune to sickness and miasma.
You are immune to poison.
Your flesh is very heat resistant. (rF++)
You are vulnerable to cold. (rC-)
You float through the air rather than walking.
You learn spells naturally, not from books.
Your magical power is your life essence.
You have superior vitality. (+4 MHP)
You are dopey. (Int -2)
Your spells are a little harder to cast, but a little more powerful.


Message History

Unknown command.
Casting: Metabolic Englaciation (dangerous; 3% risk of failure)
Confirm with . or Enter, or press ? or * to list all spells.
Aiming: Yara's Violent Unravelling (dangerous; 3% risk of failure)
Press: ? - help, Dir - move target, f - cyan ugly thing
Aim: a cyan ugly thing (almost dead, slow)
The cyan ugly thing's magical effects unravel!
The enchantments explode!
The cyan ugly thing basks in the mutagenic energy and changes!
The unravelling engulfs the brown ugly thing!
You kill the brown ugly thing!
Makhleb accepts your kill.
The brown ugly thing basks in the mutagenic energy and changes!
The unravelling engulfs the white ugly thing!!
The white ugly thing is severely wounded.
Unknown command.
Unknown command.
Unknown command.
Casting: Yara's Violent Unravelling (dangerous; 3% risk of failure)
Confirm with . or Enter, or press ? or * to list all spells.
Casting: Metabolic Englaciation (dangerous; 3% risk of failure)
Press: ? - help, Dir - look around, f - activate You radiate an aura of cold.
The white ugly thing is unaffected.
The white ugly thing bites you!
* * * LOW HITPOINT WARNING * * *
The white ugly thing freezes you!!!
You feel a terrible chill!
* * * LOW HITPOINT WARNING * * *
Casting: Metabolic Englaciation (dangerous; 3% risk of failure)
Confirm with . or Enter, or press ? or * to list all spells.
Aiming: Stone Arrow (safe; 1% risk of failure)
Press: ? - help, Shift-Dir - straight line, f - white ugly thing
Aim: a white ugly thing (severely wounded, slow, 78% to hit)
You feel a surge of power!
The stone arrow hits the white ugly thing!
The white ugly thing is severely wounded.
* * * LOW HITPOINT WARNING * * *
The white ugly thing bites you.
* * * LOW HITPOINT WARNING * * *
The white ugly thing freezes you!!!
You feel a terrible chill!
You die...

#...#......###(.#.......#....#
#(###≈≈≈#.≈#........##..##...#
#).......≈≈#.................#
############..#.#.####..#....#
..................#....#
######..#.#.###...#.......
#..#.#.###...#....##.
#########...................
....†.......@#.###.#.#..[....
............u..# #.......##.#
^............#...........#
.........#...#.###.......#
.....#.....#.# .
##...#.#.###.#... #..
#....†....... #..
#.......#.###. #...#.#.#.#


You could see a white ugly thing (slow).

Vanquished Creatures
  Rupert (Lair:3)
  An orc warlord (Orc:1)
  A stone giant (D:15)
  The ghost of jt the Severer, a journeyman DDCA of Jiyva (Lair:2)
  Nessos (D:12)
  A fire dragon (Lair:6)
  Josephine (Orc:2)
  A great orb of eyes (Lair:2)
  5 boulder beetles
  A vault guard (D:14)
  Harold (D:7)
  9 hydras
  4 centaur warriors
  2 death knights
  4 death yaks
  4 two-headed ogres
  4 tengu warriors
  A soul eater (Abyss:3)
  2 thrashing horrors (Abyss:3)
  The ghost of diceflayer the Cleaver, a novice MiFi (D:7)
  A spatial maelstrom (Abyss:3)
  2 wretched stars (Abyss:3)
  4 skeletal warriors
  4 large abominations (Abyss:3)
  A lindwurm (Lair:6)
  3 phantasmal warriors
  A necromancer (Lair:4)
  A deep elf pyromancer (D:14)
  5 orc knights (Orc:2)
  An orc sorcerer (Orc:2)
  A worldbinder (Abyss:3)
  15 ugly things
  3 manticores
  2 cyclopes
  6 elephants
  4 black mambas
  A torpor snail (Lair:6)
  10 cane toads
  3 gargoyles
  3 molten gargoyles (Lair:6)
  An efreet (D:14)
  2 rime drakes (Lair:2)
  2 hellwings (Abyss:3)
  18 komodo dragons
  4 freezing wraiths
  2 tengu conjurers
  A polar bear (shapeshifter) (D:13)
  9 trolls
  4 ancient zymes (Abyss:3)
  3 meliai (D:14)
  A meliai (shapeshifter) (D:12)
  Grinder (D:4)
  13 blink frogs
  2 raiju (Abyss:3)
  25 slime creatures
  A snapping turtle (Lair:4)
  A vampire (D:10)
  2 shadows
  A dire elephant simulacrum (Abyss:3)
  3 wyverns
  A fire bat (Abyss:3)
  32 yaks
  8 small abominations
  8 wraiths
  4 basilisks
  A neqoxec (Abyss:3)
  6 vampire mosquitoes
  A chaos spawn (Abyss:3)
  2 steam dragons
  17 wargs
  3 nagas (Lair:4)
  2 acid dragons
  A spatial vortex (Abyss:3)
  36 orc warriors
  4 hell hounds (Lair:6)
  A floating eye (Lair:1)
  21 water moccasins
  An ice beast (D:7)
  An elephant zombie (Lair:4)
  3 black bears
  A sky beast (D:8)
  14 wolves
  5 boggarts
  17 centaurs
  5 ogres
  A phantom (D:4)
  4 kobold brigands
  14 bullfrogs
  2 gnoll sergeants (D:9)
  3 scorpions
  A water moccasin zombie (D:5)
  A water moccasin skeleton (D:5)
  6 killer bees
  19 wights
  9 electric eels
  A bullfrog zombie (D:6)
  5 centaur zombies
  5 lava snakes (Lair:6)
  A quasit (Abyss:3)
  A basilisk zombie (Lair:4)
  2 hounds
  2 centaur skeletons
  5 jellies
  Crazy Yiuf (D:2)
  A gnoll shaman (D:7)
  15 orc priests
  A bullfrog skeleton (D:6)
  An iron imp (Abyss:3)
  3 iguanas
  22 orc wizards
  A hound skeleton (D:4)
  Robin (D:3)
  11 gnolls
  2 howler monkey skeletons (D:5)
  6 adders
  A shadow imp (D:8)
  A white imp (Abyss:3)
  2 ufetubi (D:6)
  A worm (D:2)
  2 dart slugs (D:2)
  78 orcs
  4 bats
  7 endoplasms
  2 giant cockroaches
  9 goblins
  12 hobgoblins
  10 jackals
  6 quokkas
  6 ball pythons
  6 frilled lizards
  18 kobolds
  3 rats
  A lurking horror (Abyss:3)
724 creatures vanquished.

Vanquished Creatures (collateral kills)
  Agnes (D:13)
1 creature vanquished.

Vanquished Creatures (others)
  32 foxfires
  24 fungi
  A lurking horror (Abyss:3)
  46 plants
103 creatures vanquished.

Grand Total: 828 creatures vanquished

Notes
Turn   | Place    | Note
-------+----------+-------------------------------------------
     0 | D:1      | tilp the Djinni Fire Elementalist began the quest for the
                  | Orb.
     0 | D:1      | Reached XP level 1. HP: 15/15 MP: 0/0
   317 | D:1      | Found a faded altar of an unknown god.
   400 | D:1      | Reached XP level 2. HP: 15/21 MP: 0/0
   665 | D:1      | Reached XP level 3. HP: 11/25 MP: 0/0
   665 | D:1      | Learned a level 1 spell: Pain
  2325 | D:2      | Reached XP level 4. HP: 21/31 MP: 0/0
  2569 | D:2      | Found a runed translucent door.
  2570 | D:2      | Noticed Crazy Yiuf
  3049 | D:2      | Reached XP level 5. HP: 26/36 MP: 0/0
  3049 | D:2      | Learned a level 2 spell: Call Imp
  3862 | D:3      | Noticed Robin
  4125 | D:3      | Reached skill level 1 in Fighting
  5665 | D:3      | Killed Robin
  6266 | D:4      | Noticed a phantom
  6271 | D:4      | Killed a phantom
  6272 | D:4      | Reached skill level 2 in Fighting
  6272 | D:4      | Reached XP level 6. HP: 35/43 MP: 0/0
  6414 | D:4      | Noticed Grinder
  6414 | D:4      | Paralysed by Grinder for 2 turns
  6427 | D:4      | Killed Grinder
  6428 | D:4      | Reached skill level 3 in Fighting
  6428 | D:4      | Reached XP level 7. HP: 25/50 MP: 0/0
  6428 | D:4      | Learned a level 3 spell: Mephitic Cloud
  7214 | D:4      | Reached skill level 5 in Spellcasting
  7217 | D:4      | Reached skill level 4 in Fighting
  7776 | D:4      | Identified a scroll of acquirement
  7776 | D:4      | Acquired a +1 cloak of willpower
  7792 | D:5      | Entered Level 5 of the Dungeon
  8006 | D:5      | Reached XP level 8. HP: 52/58 MP: 0/0
  8345 | D:5      | Reached skill level 1 in Armour
  8347 | D:5      | Gained mutation: You are dopey. (Int -2) [potion of
                  | mutation]
  8347 | D:5      | Gained mutation: Your spells are a little harder to cast,
                  | but a little more powerful. [potion of mutation]
  8365 | D:5      | HP: 2/58 [centaur/arrow (9)]
  8927 | D:5      | Reached skill level 5 in Dodging
  9245 | D:2      | Killed Crazy Yiuf
  9466 | D:6      | Reached XP level 9. HP: 60/64 MP: 0/0
  9466 | D:6      | Learned a level 3 spell: Stone Arrow
  9593 | D:6      | You are sucked into a shaft and drop 3 floors!
  9599 | D:9      | Found Ymeiru's Armour Boutique.
  9607 | D:9      | Bought a +1 hat of intelligence for 192 gold pieces
  9630 | D:9      | Reached skill level 5 in Fighting
  9871 | D:8      | HP: 1/65 [vampire mosquito (7)]
 10487 | D:8      | Reached skill level 6 in Fighting
 10828 | D:7      | Noticed Harold
 11660 | D:6      | Found an iron altar of Okawaru.
 11807 | D:6      | Found a staircase to the Ecumenical Temple.
 11816 | Temple   | Entered the Ecumenical Temple
 12137 | Temple   | Became a worshipper of Makhleb the Destroyer
 12392 | D:7      | Reached XP level 10. HP: 67/73 MP: 0/0
 12497 | D:7      | Identified the +0 robe of Impatience {Archmagi}
 12587 | D:7      | Reached skill level 7 in Fighting
 12789 | D:7      | Killed Harold
 13213 | D:7      | Found a transporter.
 13213 | D:7      | Noticed diceflayer's ghost (novice MiFi)
 13214 | D:7      | Found a transporter.
 13216 | D:7      | Identified the +2 dire flail "Vomog" {speed, Int+5}
 13216 | D:7      | Identified the +7 dire flail of Neciu {vorpal, rElec}
 13216 | D:7      | Noticed a two-headed ogre
 13283 | D:8      | Reached skill level 8 in Fighting
 13522 | D:8      | Noticed a boulder beetle
 13529 | D:8      | Killed a boulder beetle
 13989 | D:8      | Noticed a boulder beetle
 14011 | D:8      | Reached * piety under Makhleb
 14012 | D:8      | Reached XP level 11. HP: 75/82 MP: 0/0
 14012 | D:8      | Learned a level 5 spell: Metabolic Englaciation
 15155 | D:8      | Noticed a green ugly thing
 15161 | D:8      | Killed a green ugly thing
 15162 | D:8      | Reached skill level 5 in Stealth
 15262 | D:8      | Killed a boulder beetle
 15613 | D:8      | Noticed a boulder beetle
 15858 | D:8      | Killed a boulder beetle
 16704 | D:9      | Reached skill level 9 in Fighting
 16705 | D:9      | Reached ** piety under Makhleb
 17273 | D:9      | Found a transporter.
 17273 | D:9      | Noticed a purple ugly thing
 17273 | D:9      | Noticed a cyan ugly thing
 17275 | D:9      | Noticed a red ugly thing
 17300 | D:9      | Found a staircase to the Lair.
 17521 | D:9      | Found a transporter.
 17526 | D:9      | Found a corrupted altar of Lugonu.
 17909 | D:10     | Entered Level 10 of the Dungeon
 18093 | D:9      | Bought a +2 pair of gloves for 198 gold pieces
 18140 | D:10     | Reached XP level 12. HP: 73/89 MP: 0/0
 18319 | D:10     | Found a staircase to the Orcish Mines.
 18492 | D:10     | Reached skill level 1 in Shields
 18492 | D:10     | Reached skill level 1 in Evocations
 19014 | D:10     | Acquired 696 gold pieces
 19016 | D:10     | Acquired the ring "Qayf" {rElec Will+ Str+4}
 19535 | D:11     | Found a glowing golden altar of the Shining One.
 19753 | D:11     | Noticed a two-headed ogre
 19767 | D:11     | Killed a two-headed ogre
 19768 | D:11     | Reached skill level 10 in Spellcasting
 19769 | D:11     | Reached *** piety under Makhleb
 20044 | D:11     | Reached skill level 10 in Fighting
 20130 | D:11     | Identified the +2 cloak "Osiw" {Harm Will+ Slay+3}
 20224 | D:11     | Noticed a two-headed ogre
 20231 | D:11     | Killed a two-headed ogre
 20251 | D:11     | Noticed a skeletal warrior
 20404 | Lair:1   | Entered Level 1 of the Lair of Beasts
 20435 | Lair:1   | Reached skill level 1 in Invocations
 21349 | Lair:1   | Reached skill level 5 in Evocations
 21561 | Lair:1   | Paralysed by a floating eye for 4 turns
 21631 | Lair:1   | Noticed a six-headed hydra
 21640 | Lair:1   | Killed a six-headed hydra
 22531 | Lair:2   | Reached skill level 5 in Armour
 22531 | Lair:2   | Reached XP level 13. HP: 90/96 MP: 0/0
 22531 | Lair:2   | Learned a level 5 spell: Yara's Violent Unravelling
 23179 | Lair:2   | Found a runed translucent gate.
 23179 | Lair:2   | Found a runed translucent gate.
 23179 | Lair:2   | Found a runed translucent gate.
 23182 | Lair:2   | Noticed jt's ghost (journeyman DDCA)
 23183 | Lair:2   | Noticed a great orb of eyes
 23186 | Lair:2   | Found a viscous altar of Jiyva.
 23288 | Lair:2   | Noticed a six-headed hydra
 23297 | Lair:2   | Killed a six-headed hydra
 23471 | Lair:2   | You are sucked into a shaft and drop 1 floor!
 24512 | Lair:3   | Noticed Rupert
 24523 | Lair:3   | Killed Rupert
 25144 | Lair:4   | Noticed an eight-headed hydra
 25149 | Lair:4   | Killed an eight-headed hydra
 25277 | Lair:4   | Reached **** piety under Makhleb
 25308 | Lair:4   | Noticed a five-headed hydra
 25313 | Lair:4   | Killed a five-headed hydra
 25495 | Lair:4   | Acquired the +0 kite shield of Resourcefulness {Regen+
                  | Int+5 Slay-5}
 25523 | Lair:4   | Found a staircase to the Shoals.
 25673 | Lair:4   | Found a staircase to the Snake Pit.
 26172 | Lair:4   | Identified the ring "Idim" {Fly rPois Will+ SInv}
 26211 | Lair:5   | Noticed an eight-headed hydra
 26215 | Lair:5   | Killed an eight-headed hydra
 26457 | Lair:5   | Found a staircase to the Slime Pits.
 26535 | Lair:5   | Reached skill level 5 in Invocations
 26559 | Lair:5   | Reached XP level 14. HP: 88/103 MP: 0/0
 27530 | Lair:6   | Entered Level 6 of the Lair of Beasts
 27957 | Lair:6   | Reached ***** piety under Makhleb
 28558 | Lair:6   | Found a large runed translucent door.
 28558 | Lair:6   | Found a large runed translucent door.
 28627 | Lair:6   | Reached skill level 5 in Shields
 29142 | D:7      | Reached skill level 11 in Fighting
 29151 | D:7      | Killed diceflayer's ghost
 29261 | Orc:1    | Entered Level 1 of the Orcish Mines
 29296 | Orc:1    | Noticed an orc warlord
 29309 | Orc:1    | Killed an orc warlord
 29544 | Orc:1    | Reached XP level 15. HP: 101/110 MP: 0/0
 29544 | Orc:1    | Learned a level 6 spell: Conjure Ball Lightning
 29579 | Orc:1    | Found Ucwetted's Assorted Antiques.
 29763 | Orc:2    | Entered Level 2 of the Orcish Mines
 30114 | Orc:2    | Found Ruonwo's Assorted Antiques.
 30143 | Orc:2    | Reached ****** piety under Makhleb
 30239 | Orc:2    | Found Kimeozuk's Weapon Boutique.
 30402 | Orc:2    | Found a runed translucent gate.
 30402 | Orc:2    | Found a runed translucent gate.
 30402 | Orc:2    | Found an opulent altar of Gozag.
 30402 | Orc:2    | Found a runed translucent gate.
 30403 | Orc:2    | Noticed barkas's ghost (journeyman CeMo)
 30404 | Orc:2    | Found Iheefago's Assorted Antiques.
 30427 | Orc:2    | Noticed Josephine
 30430 | Orc:2    | Noticed Sonja
 30433 | Orc:2    | Noticed Sonja
 30433 | Orc:2    | Sonja changed into Sonja the elephant
 30459 | Orc:2    | Killed Josephine
 30468 | Orc:2    | Killed Sonja the elephant
 30550 | Orc:2    | Reached skill level 10 in Dodging
 30707 | Orc:2    | Found a staircase to the Elven Halls.
 30825 | Orc:2    | Found Murhucexafi's Jewellery Shoppe.
 30825 | Orc:2    | Found Irghy's Assorted Antiques.
 31438 | Lair:2   | Killed jt's ghost
 31600 | Lair:2   | Identified the +0 helmet of Gravitas {Str+7}
 32506 | D:12     | Identified the +2 morningstar of Gyl Mimio {antimagic, rN+
                  | rCorr Dex+2 SInv}
 32546 | D:12     | Noticed Nessos
 32557 | D:12     | Killed Nessos
 33244 | D:13     | Found a transporter.
 33248 | D:13     | Found a transporter.
 33272 | D:13     | Identified the ring of Morality {rElec Slay+4}
 33744 | D:13     | Reached skill level 12 in Fighting
 33847 | D:13     | Noticed Garym's ghost (journeyman MiBe)
 33859 | D:14     | Found Coitu Teca's Book Emporium.
 33882 | D:14     | Reached XP level 16. HP: 82/118 MP: 0/0
 33885 | D:14     | Noticed Agnes
 33905 | D:13     | Cast into level 3 of the Abyss (Agnes)
 34117 | Abyss:3  | Noticed a bone dragon
 34206 | Abyss:3  | Noticed a bone dragon
 34221 | Abyss:3  | Noticed a tentacled starspawn
 34422 | Abyss:3  | Noticed a dread lich
 34653 | Abyss:3  | Noticed a tentacled starspawn
 34793 | D:13     | Escaped the Abyss
 34800 | D:13     | Killed Agnes
 35971 | D:14     | Found a gate to the Vaults.
 36613 | D:12     | Reached skill level 13 in Fighting
 36978 | D:15     | Entered Level 15 of the Dungeon
 37018 | D:15     | Found a runed translucent gate.
 37019 | D:15     | Found a runed translucent gate.
 37020 | D:15     | Found a runed translucent gate.
 37021 | D:15     | Noticed MuffinSoup's ghost (journeyman OpWz)
 37108 | D:15     | Found a staircase to the Depths.
 37227 | D:15     | Reached skill level 14 in Fighting
 37249 | D:15     | HP: 6/123 [white ugly thing (42)]
 37250 | D:15     | HP: 1/123 [white ugly thing (3)]
 37250 | D:15     | Annihilated by a white ugly thing

Illustrated notes

Levels and vault maps discovered:
D:1:      onia_arrival_mini_maze, layout_loops_ring,
          ebering_ecumenical_altar_hall
D:2:      layout_loops_ring, minmay_pentomino_u2, uniq_crazy_yiuf_cottage
D:3:      layout_basic, uniq_robin
D:4:      layout_loops_corners, nicolae_concentric_dashed_squares_wild,
          grunt_ministairs_3, uniq_grinder
D:5:      layout_cave_pools, serial_rivers, chequers_serial_rivers_micro_c,
          chequers_serial_rivers_small_3, chequers_serial_rivers_micro_c,
          chequers_serial_rivers_micro_a, chequers_serial_rivers_large_b,
          minmay_manual_mail
D:6:      layout_basic, general_overflow_altar, minmay_temple_entry_trees,
          serial_glass, glass_columns_c, glass_columns_c, glass_columns_b,
          glass_columns_a, glass_columns_a, due_unseen_surprise,
          item_on_display_a
D:7:      layout_gridville, gammafunk_ghost_smash, uniq_harold
D:8:      nzn_winding_woodlands_three_and_one
          [nzn_winding_woodlands_5x15_split_checker,
          nzn_winding_woodlands_5x15_lazy_stream,
          nzn_winding_woodlands_5x15_sawtooth,
          nzn_winding_woodlands_center_pierced_h], layout_layer_cave
D:9:      gammafunk_corrupted_shrine, layout_rooms, david_lair_shrubbed,
          serial_shops, nicolae_stop_n_shop_1, skrybe_limestone_x,
          minmay_fractal_squares_diagonal_5
D:10:     layout_basic, orc_0_dummy, chequers_big_river,
          minmay_misc_feat_diagonals
D:11:     layout_cave_pods, portal_ice_cave_entry_pillars_1,
          nicolae_tso_carved_into_rock
D:12:     layout_irregular_city, eino_small_chamber_without_monster,
          grunt_ministairs_2, uniq_nessos
D:13:     layout_roguey, gammafunk_ghost_hive
D:14:     layout_rooms, david_vaults_5, roderic_serpentine_path, serial_shops,
          nicolae_shop_stone, uniq_agnes
D:15:     grunt_enter_depths_snipers, layout_basic, gammafunk_ghost_hydra_chop,
          hangedman_decor_points
Temple:   mainiacjoe_temple_circle_huts
Lair:1:   layout_cellular_growth, disabler_island
Lair:2:   layout_roguey, gammafunk_ghost_ooze, grunt_forest_small_clearings
Lair:3:   layout_chaotic_city, serial_bayou_lagoon_a, uniq_rupert
Lair:4:   pond_and_an_island_with_a_cottage, layout_regular_city,
          minmay_shoals_entry_hut, guppyfry_snake_entry_island,
          amcnicky_mini_pool_medium
Lair:5:   cheibrodos_lair_river_kwai, layout_regular_city, slime_dummy
Lair:6:   cheibrodos_lair_end_hotspot, layout_hall_layers, patterned_corridor
Orc:1:    layout_caves, serial_shops,
          nicolae_shop_temple_entry_statues_fountains
Orc:2:    st_orc_town, layout_caves, ebering_ghost_gozag, uniq_josephine,
          uniq_sonja

Skill      XL: |  1  2  3  4  5  6  7  8  9 10 11 12 13 14 15 16 |
---------------+-------------------------------------------------+-----
Spellcasting   | 3 4 5 6 7 8 9 10 11 12 | 12.0
Fighting       | 2 3 4 6 8 9 10 11 12 14 | 14.1
Dodging        | 3 4 5 6 7 8 9 11 12 | 12.0
Armour         | 2 3 4 5 8 |  8.0
Stealth        | 2 4 5 6 7 8 |  8.0
Shields        | 2 3 5 6 |  6.0
Evocations     | 6 7 8 |  8.0
Invocations    | 4 5 6 7 8 |  8.0

Action                   |  1- 3 |  4- 6 |  7- 9 | 10-12 | 13-15 | 16-18 || total
-------------------------+-------+-------+-------+-------+-------+-------++-------
Melee: Unarmed           |     1 |       |       |       |       |       ||     1
       Staff             |     1 |       |     1 |     2 |     8 |       ||    12
Throw: Dart              |       |       |       |     1 |       |       ||     1
 Cast: Foxfire           |    19 |       |     3 |       |       |       ||    22
       Scorch            |    32 |   130 |   177 |    12 |       |       ||   351
       Conjure Flame     |       |     1 |       |     2 |       |       ||     3
       Inner Flame       |       |     1 |       |     2 |       |       ||     3
       Flame Wave        |       |       |     2 |     8 |     1 |       ||    11
       Stone Arrow       |       |       |     2 |   251 |   627 |   282 ||  1162
       Mephitic Cloud    |       |       |       |     5 |     2 |     1 ||     8
       Metabolic Englaci |       |       |       |    22 |    95 |    18 ||   135
       Pain              |       |       |       |     1 |       |       ||     1
       Yara's Violent Un |       |       |       |       |    93 |    22 ||   115
       Call Imp          |       |       |       |       |     1 |       ||     1
Invok: Greater Servant o |       |       |       |       |       |     1 ||     1
Evoke: Wand              |       |       |       |     6 |     4 |     2 ||    12
       Condenser vane    |       |       |       |       |     1 |       ||     1
       Box of beasts     |       |       |       |       |       |     1 ||     1
       Phantom mirror    |       |       |       |       |       |     1 ||     1
  Use: Scroll            |     5 |     5 |     6 |    11 |     1 |     6 ||    34
       Potion            |       |       |     5 |     1 |       |     3 ||     9
 Stab: Sleeping          |       |       |       |       |     1 |       ||     1
Armor: Robe              |     1 |       |    24 |    23 |       |       ||    48
       Leather armour    |       |       |       |     1 |    99 |    81 ||   181
Dodge: Dodged            |     2 |    19 |    49 |    74 |   138 |   109 ||   391
Block: Kite shield       |       |       |       |    13 |   110 |    89 ||   212
